 Dungeon Crawl Stone Soup version 0.20.1-1-g8b1a95d (webtiles) character file.

2134 Karmoth the Reanimator (level 9, -1/61 HPs)
             Began as a Mummy Necromancer on Oct 21, 2017.
             Was a Priest of Nemelex Xobeh.
             Slain by a two-headed ogre
             ... wielding a +0 giant club
              (29 damage)
             ... on level 7 of the Dungeon on Oct 22, 2017.
             The game lasted 01:32:21 (10059 turns).

Karmoth the Reanimator (Mummy Necromancer)         Turns: 10059, Time: 01:32:22

Health: -1/61      AC:  9    Str: 11    XL:     9   Next: 9%
Magic:  26/30      EV: 12    Int: 18    God:    Nemelex Xobeh [***...]
Gold:   360        SH:  0    Dex: 12    Spells: 9/25 levels left

rFire    . . .     SeeInvis .   a - staff of cold
rCold    + + .     Gourm    .   (no shield)
rNeg     + + +     Faith    .   s - +2 robe {rF+}
rPois    ∞         Spirit   .   (no helmet)
rElec    .         Reflect  .   (no cloak)
rCorr    .         Harm     .   (no gloves)
MR       +....                  u - +1 pair of boots
Stlth    ++........             w - amulet of regeneration
Regen    0.6/turn               H - ring of magical power
MPRegen  0.3/turn               k - +3 ring of protection

@: no status effects
A: no food or potions, fire vulnerability, cold resistance 1, negative energy
resistance 3, torment resistance, unbreathing
a: Triple Draw, Renounce Religion


You were on level 7 of the Dungeon.
You worshipped Nemelex Xobeh.
Nemelex Xobeh was most pleased with you.
You were not hungry.

You visited 2 branches of the dungeon, and saw 9 of its levels.

You collected 360 gold pieces.

Inventory:

Hand Weapons
 t - a +1 flail of protection
Missiles
 c - 220 stones (quivered)
Armour
 s - a +2 robe of fire resistance (worn)
 u - a +1 pair of boots (worn)
 y - a +0 naga barding
Magical Staves
 a - an uncursed staff of cold (weapon)
Jewellery
 i - an uncursed amulet of guardian spirit
 k - a +3 ring of protection (right hand)
 n - an uncursed ring of ice
 w - an amulet of regeneration (around neck)
 G - an uncursed amulet of harm
 H - a ring of magical power (left hand)
Wands
 d - a wand of acid (0/15)
 B - a wand of polymorph (13/24)
 E - a wand of lightning (0/15)
 F - a wand of iceblast (2/15)
Scrolls
 f - 2 scrolls of enchant armour
 g - 2 scrolls of identify {unknown}
 h - a scroll of enchant weapon {unknown}
 l - 3 scrolls of teleportation {unknown}
 m - a scroll of magic mapping {unknown}
 p - 3 scrolls of remove curse {unknown}
 q - 2 scrolls of noise {unknown}
 r - 5 scrolls of random uselessness {unknown}
 v - a scroll of blinking {unknown}
Books
 b - a book of Necromancy

   Spells                             Type                      Level
   a - Pain                           Necromancy                   1
   b - Animate Skeleton               Necromancy                   1
   c - Vampiric Draining              Necromancy                   3
   d - Regeneration                   Charms/Necromancy            3
   e - Animate Dead                   Necromancy                   4
   f - Control Undead                 Necromancy                   4
 j - a book of Minor Magic

   Spells                             Type                      Level
   a - Magic Dart                     Conjuration                  1
   b - Blink                          Translocation                2
   c - Call Imp                       Summoning                    2
   d - Slow                           Hexes                        2
   e - Conjure Flame                  Conjuration/Fire             3
   f - Mephitic Cloud                 Conjuration/Poison/Air       3
 A - a book of Callings

   Spells                             Type                      Level
   a - Summon Small Mammal            Summoning                    1
   b - Call Imp                       Summoning                    2
   c - Call Canine Familiar           Summoning                    3
   d - Summon Guardian Golem          Hexes/Summoning              3
   e - Summon Lightning Spire         Summoning/Air                4
   f - Summon Ice Beast               Ice/Summoning                4


   Skills:
 + Level 1.8 Fighting
   Level 1.4 Short Blades
 + Level 0.1(0.7) Maces & Flails
 + Level 1.2 Staves
 + Level 0.1 Throwing
 + Level 2.1 Dodging
 + Level 2.8 Stealth
 + Level 8.5 Spellcasting
 + Level 0.2 Summonings
 * Level 9.2 Necromancy
 + Level 1.6 Invocations
 + Level 0.1 Evocations


You had 9 spell levels left.
You knew the following spells:

 Your Spells              Type           Power        Failure   Level  Hunger
a - Pain                  Necr           ####         1%          1    N/A
b - Animate Skeleton      Necr           N/A          1%          1    N/A
c - Vampiric Draining     Necr           #####.....   1%          3    N/A
d - Animate Dead          Necr           N/A          1%          4    N/A
e - Control Undead        Necr           #####.....   1%          4    N/A
f - Summon Guardian Gole  Hex/Summ       #.......     26%         3    N/A

Dungeon Overview and Level Annotations

Branches:
Dungeon (8/15)             Temple (1/1) D:6
   Lair: D:8-11

Altars:
Ashenzari
Cheibriados
Dithmenos
Elyvilon
Fedhas
Gozag
Hepliaklqana
Kikubaaqudgha
Makhleb
Nemelex Xobeh
Okawaru
Qazlal
Ru
Trog
Uskayaw
Vehumet
Xom
Yredelemnul
Zin
The Shining One

Shops:
D:4 [(


Innate Abilities, Weirdness & Mutations

You do not eat or drink.
Your flesh is vulnerable to fire.
You are immune to poison.
Your flesh is cold resistant. (rC+)
You are immune to negative energy. (rN+++)
You are immune to unholy pain and torment.
You can survive without breathing.


Message History

Aim: a scorpion (almost dead, chance to defeat MR: 84%)
The scorpion writhes in agony!
You kill the scorpion!
Casting: Pain
Confirm with . or Enter, or press ? or * to list all spells.
Aiming: Pain
Press: ? - help, Shift-Dir - straight line, f - two-headed ogre
Aim: a two-headed ogre, wielding a giant club and a dire flail (chance to defeat MR: 71%)
The two-headed ogre struggles to resist.
The two-headed ogre misses you.
The two-headed ogre hits you with a dire flail!
Casting: Pain
Confirm with . or Enter, or press ? or * to list all spells.
Aiming: Pain
Press: ? - help, Shift-Dir - straight line, f/p - two-headed ogre
Aim: a two-headed ogre, wielding a giant club and a dire flail (chance to defeat MR: 71%)
The two-headed ogre writhes in agony!
The two-headed ogre hits you with a giant club!!
You die...
Your body glows slightly and disappears.

### #.#
#.################
#......)..........
#.######.#########
#..).[).).........
#@######)##......#
########O#### #.##......#
#.......K(..###.##......#
#.......>...'....'......'
#...........###.##......#
#...........# #.##......#
#...........# #.##......#
#...........# #.##......#
#...........# #.##......#


You could see a two-headed ogre and a kobold.

Vanquished Creatures
  An orc warrior (D:7)
  A sky beast (D:5)
  A centaur (D:7)
  A bullfrog (D:7)
  A gnoll sergeant (D:7)
  A scorpion (D:7)
  3 hounds
  2 jellies
  A centaur skeleton (D:7)
  4 orc wizards (D:7)
  A bullfrog skeleton (D:6)
  2 iguanas
  A worker ant (D:4)
  A hound skeleton (D:5)
  4 gnolls (D:7)
  8 adders
  3 oozes
  2 worms
  2 dart slugs
  A leopard gecko (D:2)
  9 orcs
  7 giant cockroaches
  8 goblins
  6 hobgoblins
  5 jackals (D:2)
  6 kobolds
  A quokka (D:4)
  5 bats
  12 frilled lizards
  A jackal zombie (D:6)
  A quokka zombie (D:6)
  4 rats
  A fungus (D:3)
  16 plants (D:6)
123 creatures vanquished.

Vanquished Creatures (collateral kills)
  Grinder (D:5)
  2 hippogriffs (D:7)
  The ghost of bartek7090 the Sneak, an amateur SpCj (D:4)
  A black bear (D:6)
  A sky beast (D:5)
  2 ogres
  2 centaurs
  A big kobold (D:7)
  A bullfrog (D:7)
  A gnoll sergeant (D:5)
  2 scorpions
  A howler monkey (D:4)
  A crimson imp (D:7)
  A bullfrog zombie (D:5)
  3 orc priests
  2 orc wizards
  A gnoll shaman (D:4)
  Natasha (D:4)
  2 worker ants
  A worker ant zombie (D:6)
  10 gnolls
  6 adders
  2 shadow imps
  2 worms (D:3)
  2 leopard geckos
  17 orcs
  2 bats (D:2)
  A giant cockroach (D:3)
  A goblin (D:3)
  4 hobgoblins
  5 jackals
  A ball python (D:1)
  2 frilled lizards (D:3)
  9 kobolds
  3 rats
  2 fungi (D:3)
  A plant (D:3)
98 creatures vanquished.

Vanquished Creatures (others)
  A worker ant (D:4)
  4 jackals (D:4)
5 creatures vanquished.

Grand Total: 226 creatures vanquished

Notes
Turn   | Place    | Note
-------+----------+-------------------------------------------
     0 | D:1      | Karmoth the Mummy Necromancer began the quest for the Orb.
     0 | D:1      | Reached XP level 1. HP: 13/13 MP: 4/4
   364 | D:1      | Reached XP level 2. HP: 18/19 MP: 1/5
   416 | D:1      | Learned a level 1 spell: Animate Skeleton
   823 | D:1      | Reached XP level 3. HP: 25/25 MP: 0/7
  1141 | D:1      | Reached skill level 1 in Fighting
  1204 | D:1      | Learned a level 3 spell: Vampiric Draining
  1323 | D:2      | Reached skill level 1 in Short Blades
  1523 | D:2      | Reached XP level 4. HP: 25/32 MP: 1/8
  1622 | D:2      | Learned a level 4 spell: Animate Dead
  2472 | D:2      | Found a sparkling altar of Nemelex Xobeh.
  2479 | D:2      | Became a worshipper of Nemelex Xobeh the Trickster
  2691 | D:3      | Received a gift from Nemelex Xobeh
  2733 | D:3      | Found a blossoming altar of Fedhas.
  2884 | D:3      | Reached skill level 5 in Necromancy
  2884 | D:3      | Reached XP level 5. HP: 13/37 MP: 4/10
  3322 | D:3      | Reached * piety under Nemelex Xobeh
  3484 | D:3      | Received a gift from Nemelex Xobeh
  4034 | D:4      | Found a shimmering altar of Xom.
  4035 | D:4      | Found a white marble altar of Elyvilon.
  4037 | D:4      | Found an iron altar of Okawaru.
  4037 | D:4      | Found a bloodstained altar of Trog.
  4143 | D:4      | Received a gift from Nemelex Xobeh
  4146 | D:4      | Found Telaej's Armour Emporium.
  4180 | D:4      | Reached XP level 6. HP: 43/43 MP: 9/13
  4196 | D:4      | Noticed bartek7090's ghost (amateur SpCj)
  4212 | D:4      | Killed bartek7090's ghost
  4212 | D:4      | Reached skill level 5 in Spellcasting
  4285 | D:4      | Found a radiant altar of Vehumet.
  4310 | D:4      | Reached skill level 6 in Necromancy
  4377 | D:4      | Noticed Natasha
  4390 | D:4      | Killed Natasha
  4559 | D:4      | Found Xoocikh's Weapon Shop.
  4774 | D:5      | Entered Level 5 of the Dungeon
  4806 | D:5      | Reached ** piety under Nemelex Xobeh
  4856 | D:5      | Found a glowing silver altar of Zin.
  4902 | D:5      | Reached XP level 7. HP: 48/48 MP: 9/15
  5008 | D:5      | Noticed Grinder
  5019 | D:5      | Paralysed by Grinder for 2 turns
  5027 | D:5      | Paralysed by Grinder for 3 turns
  5032 | D:5      | Killed Grinder
  5129 | D:5      | Learned a level 4 spell: Control Undead
  5133 | D:5      | Learned a level 3 spell: Summon Guardian Golem
  5423 | D:5      | Reached skill level 7 in Necromancy
  5759 | D:5      | Found a hazy altar of Hepliaklqana.
  5763 | D:5      | Found a sparkling altar of Nemelex Xobeh.
  5763 | D:5      | Found a glowing golden altar of the Shining One.
  6329 | D:6      | Reached XP level 8. HP: 54/54 MP: 11/18
  6353 | D:6      | Received a gift from Nemelex Xobeh
  6489 | D:6      | Reached *** piety under Nemelex Xobeh
  6541 | D:6      | Found a staircase to the Ecumenical Temple.
  6549 | Temple   | Entered the Ecumenical Temple
  6792 | D:6      | Reached skill level 1 in Invocations
  9164 | D:7      | Reached skill level 8 in Necromancy
  9268 | D:7      | Noticed a hippogriff
  9273 | D:7      | Killed a hippogriff
  9774 | D:7      | Reached skill level 1 in Staves
  9845 | D:7      | Reached skill level 9 in Necromancy
  9857 | D:7      | Noticed a hippogriff
  9880 | D:7      | Killed a hippogriff
  9880 | D:7      | Reached XP level 9. HP: 56/61 MP: 21/21
  9945 | D:8      | Noticed a two-headed ogre
 10059 | D:7      | Slain by a two-headed ogre

Skill      XL: |  1  2  3  4  5  6  7  8 |
---------------+-------------------------+-----
Spellcasting   | 3 4 5 7 8 |  8.5
Fighting       | 1 |  1.8
Short Blades   | 1 |  1.4
Necromancy     | 5 6 7 9 |  9.2
Stealth        | 2 |  2.8
Dodging        | 2 |  2.1
Invocations    | 1 |  1.6
Staves         | 1 |  1.2
Maces & Flails | |  0.1
Throwing       | |  0.1
Summonings     | |  0.2
Evocations     | |  0.1

Action                   |  1- 3 |  4- 6 |  7- 9 || total
-------------------------+-------+-------+-------++-------
Melee: Short sword       |    93 |    97 |       ||   190
       Unarmed           |     2 |       |       ||     2
       Staff             |       |    15 |  1954 ||  1969
       Flail             |       |     3 |       ||     3
Throw: Stone             |     6 |       |       ||     6
 Cast: Pain              |    32 |    79 |    86 ||   197
       Animate Skeleton  |     9 |     3 |       ||    12
       Vampiric Draining |     1 |     2 |       ||     3
       Animate Dead      |       |     4 |       ||     4
       Control Undead    |       |       |     4 ||     4
       Summon Guardian G |       |       |     3 ||     3
Evoke: Deck              |       |    10 |    18 ||    28
       Wand              |       |       |    10 ||    10
  Use: Scroll            |     1 |       |       ||     1
 Stab: Distracted        |       |     1 |       ||     1
       Sleeping          |       |     1 |       ||     1
Armor: Robe              |    45 |    34 |    63 ||   142
Dodge: Dodged            |    86 |    99 |   126 ||   311
